Winnipeg Jets vs Detroit Red Wings
Created - Monday, June 5, 2023 at 10:03
Goals
|
| Winnipeg Jets |
1 |
1 |
1 |
3 |
| Detroit Red Wings |
2 |
0 |
0 |
2 |
|
Shots
|
| Winnipeg Jets |
12 |
5 |
8 |
25 |
| Detroit Red Wings |
14 |
15 |
3 |
32 |
|
1st period
1. Detroit Red Wings , Auston Matthews 43 (Jason Zucker 9) at 1:47
2. Winnipeg Jets , Ryan Nugent-Hopkins 29 (Kevin Shattenkirk 13) at 4:34
3. Detroit Red Wings , Arthur Kaliyev 11 (Jason Zucker 10, Auston Matthews 45) at 16:42
Penalties :
Mark Borowiecki (WPG) for Interference (Minor) at 5:14
2nd period
4. Winnipeg Jets , Connor McDavid 27 (Joe Pavelski 25, Ryan Nugent-Hopkins 36) at 7:39
Penalties :
Jared McCann (DET) for Hooking (Minor) at 10:35, Jared McCann (DET) for Hooking (Minor) at 17:11
3rd period
5. Winnipeg Jets , Lucas Raymond 4 (Mathew Barzal 22, Matty Beniers 22) at 11:41
Penalties :
No Penalty
Goalie Stats
Chris Driedger (WPG), 30 saves from 32 shots - (0.938), W, 4-1-0, 60:00 minutes
Semyon Varlamov (DET), 22 saves from 25 shots - (0.880), L, 21-12-3, 59:12 minutes
Players Stats for Winnipeg Jets
Player Name G A P +/- PIM S H SB GA TA FO MP PP MP PK MP
------------------------------------------------------------------------------------
Andrew Cogliano 0 0 0 0 0 0 1 0 0 0 0/1 11:17 0:00 1:03
Barclay Goodrow 0 0 0 0 0 0 0 0 0 0 1/4 11:17 0:00 1:03
Brandon Montour 0 0 0 -1 0 1 4 2 1 0 0/0 21:07 1:20 0:44
Calen Addison 0 0 0 1 0 1 1 2 0 2 0/0 19:19 1:04 0:44
Connor McDavid 1 0 1 0 0 4 1 1 0 0 13/20 17:19 2:22 0:00
Dante Fabbro 0 0 0 1 0 1 0 0 0 0 0/0 20:35 1:58 1:15
Eeli Tolvanen 0 0 0 0 0 0 1 1 1 0 0/0 9:01 0:00 0:00
Joe Pavelski 0 1 1 0 0 3 3 0 0 0 1/1 17:19 2:22 0:00
John Klingberg 0 0 0 1 0 0 0 1 0 0 0/0 19:46 2:08 0:00
Kevin Shattenkirk 0 1 1 -1 0 1 0 2 0 1 0/0 21:00 0:39 1:15
Lucas Raymond 1 0 1 1 0 5 1 0 1 0 0/1 15:58 0:00 0:00
Mark Borowiecki 0 0 0 1 2 1 2 0 0 2 0/0 18:12 0:47 0:00
Mark Stone 0 0 0 0 0 0 1 0 0 0 1/1 16:39 1:36 0:56
Mathew Barzal 0 1 1 1 0 2 0 0 2 1 0/0 15:58 0:00 0:00
Matty Beniers 0 1 1 1 0 0 1 0 1 0 4/10 15:58 0:00 0:00
Nick Suzuki 0 0 0 0 0 3 3 0 0 0 5/9 15:26 1:36 0:56
Ryan Nugent-Hopkins 1 1 2 0 0 3 1 1 2 0 0/1 17:19 2:22 0:00
Tyler Toffoli 0 0 0 0 0 0 0 0 0 0 1/2 14:30 1:36 0:00
Players Stats for Detroit Red Wings
Player Name G A P +/- PIM S H SB GA TA FO MP PP MP PK MP
------------------------------------------------------------------------------------
Arthur Kaliyev 1 0 1 2 0 1 0 0 0 0 0/0 17:44 0:00 0:00
Auston Matthews 1 1 2 2 0 7 3 1 1 3 14/22 19:44 1:06 1:48
Brock Nelson 0 0 0 0 0 4 0 0 1 0 3/6 14:58 1:06 1:48
Daniel Sprong 0 0 0 -1 0 3 0 1 1 1 0/1 15:02 0:00 0:00
Jamie Drysdale 0 0 0 0 0 1 0 2 0 1 0/0 18:03 1:08 0:00
Jared McCann 0 0 0 -2 4 0 0 0 0 1 0/0 9:38 0:53 0:00
Jason Spezza 0 0 0 -1 0 3 0 1 0 0 2/3 11:06 0:00 0:09
Jason Zucker 0 2 2 2 0 2 1 1 0 0 0/2 18:37 1:06 0:09
Keith Yandle 0 0 0 -1 0 1 0 4 0 0 0/0 14:17 0:00 0:00
Kris Letang 0 0 0 0 0 2 0 1 1 0 0/0 26:36 0:51 2:06
MacKenzie Weegar 0 0 0 -1 0 2 1 2 0 2 0/0 23:58 0:51 2:06
Michael Del Zotto 0 0 0 0 0 0 1 0 0 0 0/0 17:59 0:00 1:52
Michael McCarron 0 0 0 -1 0 0 2 0 0 0 0/0 10:27 0:00 0:00
Mika Zibanejad 0 0 0 -2 0 1 2 0 1 0 5/16 17:42 0:53 2:01
Nick Ritchie 0 0 0 0 0 3 2 0 0 0 0/0 11:44 0:00 0:00
Sean Couturier 0 0 0 -2 0 1 0 1 0 0 0/0 17:42 0:53 2:01
Shayne Gostisbehere 0 0 0 0 0 0 1 1 1 0 0/0 19:07 1:08 1:52
Tyler Ennis 0 0 0 0 0 1 0 0 0 0 0/0 11:36 0:00 0:00
3 Stars
1 - Auston Matthews (DET)
2 - Ryan Nugent-Hopkins (WPG)
3 - Jason Zucker (DET)
Power Play
Winnipeg Jets - 0 on 2 Attempt(s) - 0.00%
Detroit Red Wings - 0 on 1 Attempt(s) - 0.00%
Penalty Kill
Winnipeg Jets - 1 on 1 Attempt(s) - 100.00%
- Score 0 goal in Penalty Kill
Detroit Red Wings - 2 on 2 Attempt(s) - 100.00%
- Score 0 goal in Penalty Kill
Team Stat
Winnipeg Jets - Hits : 20 - Faceoff Wins : 26 - Blocked Shots : 10 - Penalty Minutes : 2
Detroit Red Wings - Hits : 13 - Faceoff Wins : 24 - Blocked Shots : 15 - Penalty Minutes : 4
Official
Referees : Francis Charron and Steve Kozari
Linesman : Andy McElman and Derek Amell
Game Notes
Jared McCann is injured at 0:28 of 3rd period (Sprained Right Finger)
Finance
Level 1 -- Attendance: 4429 (73.82%) -- Ticket Income $442,900
Level 2 -- Attendance: 4140 (82.80%) -- Ticket Income $248,400
Level 3 -- Attendance: 2484 (82.80%) -- Ticket Income $86,940
Level 4 -- Attendance: 3848 (76.96%) -- Ticket Income $96,200
Luxury Box -- Attendance: 841 (84.10%) -- Ticket Income $168,200
Game was played at the Joe Louis Arena.
Total Attendance: 15742 (78.71%)
Total Ticket Income: $1,042,640
Other Income: $364,924
Total Income: $1,407,564
Winnipeg Jets
5 vs 5 Forward
Center Left Wing Right Wing Time % Phy DF OF
1 Connor McDavid Ryan Nugent-Hopkins Joe Pavelski 35 1 2 2
2 Nick Suzuki Tyler Toffoli Mark Stone 30 1 2 2
3 Matty Beniers Mathew Barzal Lucas Raymond 25 1 2 2
4 Barclay Goodrow Andrew Cogliano Eeli Tolvanen 10 1 2 2
5 vs 5 Defense
Defense Defense Time % Phy DF OF
1 Brandon Montour Kevin Shattenkirk 35 1 2 2
2 John Klingberg Dante Fabbro 35 1 2 2
3 Calen Addison Mark Borowiecki 30 1 2 2
4 Brandon Montour Dante Fabbro 0 1 2 2
PowerPlay Forward
Center Left Wing Right Wing Time % Phy DF OF
1 Connor McDavid Ryan Nugent-Hopkins Joe Pavelski 50 1 2 2
2 Nick Suzuki Tyler Toffoli Mark Stone 50 1 2 2
PowerPlay Defense
Defense Defense Time % Phy DF OF
1 Brandon Montour John Klingberg 50 1 2 2
2 Dante Fabbro Kevin Shattenkirk 50 1 2 2
Penalty Kill 4 Players Forward
Center Wing Time % Phy DF OF
1 Barclay Goodrow Andrew Cogliano 50 1 2 2
2 Nick Suzuki Mark Stone 50 1 2 2
Penalty Kill 4 Players Defense
Defense Defense Time % Phy DF OF
1 Mark Borowiecki Kevin Shattenkirk 50 1 2 2
2 Brandon Montour Calen Addison 50 1 2 2
Penalty Kill - 3 Players Forward
Forward Time % Phy DF OF
1 Barclay Goodrow 50 1 2 2
2 Ryan Nugent-Hopkins 50 1 2 2
Penalty Kill - 3 Players Defense
Defense Defense Time % Phy DF OF
1 Mark Borowiecki Kevin Shattenkirk 50 1 2 2
2 Dante Fabbro John Klingberg 50 1 2 2
4 vs 4 Forward
Center Wing Time % Phy DF OF
1 Connor McDavid Ryan Nugent-Hopkins 50 1 2 2
2 Joe Pavelski Nick Suzuki 50 1 2 2
4 vs 4 Defense
Defense Defense Time % Phy DF OF
1 Calen Addison John Klingberg 50 1 2 2
2 Brandon Montour Mark Borowiecki 50 1 2 2
Last Minutes Offensive
Center Left Wing Right Wing Defense Defense
Connor McDavid Tyler Toffoli Joe Pavelski Brandon Montour Kevin Shattenkirk
Last Minutes Defensive
Center Left Wing Right Wing Defense Defense
Barclay Goodrow Andrew Cogliano Mark Stone Kevin Shattenkirk Mark Borowiecki
Goaltenders
Starting : Chris Driedger
Backup : Jake Allen
Extra Forwards
Normal : Mathew Barzal, Lucas Raymond, Matty Beniers - PP : Mathew Barzal, Matty Beniers - PK : Eeli Tolvanen
Extra Defensemen
Normal : John Klingberg, Dante Fabbro, Mark Borowiecki - PP : Calen Addison - PK : Dante Fabbro, Calen Addison
Penalty Shots
Connor McDavid, Ryan Nugent-Hopkins, Joe Pavelski, Nick Suzuki, Mark Stone
Detroit Red Wings
5 vs 5 Forward
Center Left Wing Right Wing Time % Phy DF OF
1 Auston Matthews Jason Zucker Arthur Kaliyev 40 1 2 2
2 Mika Zibanejad Jared McCann Sean Couturier 30 1 2 2
3 Brock Nelson Tyler Ennis Nick Ritchie 20 1 2 2
4 Jason Spezza Michael McCarron Daniel Sprong 10 1 2 2
5 vs 5 Defense
Defense Defense Time % Phy DF OF
1 Kris Letang MacKenzie Weegar 40 1 2 2
2 Michael Del Zotto Shayne Gostisbehere 30 1 2 2
3 Jamie Drysdale Keith Yandle 20 1 2 2
4 Kris Letang Jamie Drysdale 10 1 2 2
PowerPlay Forward
Center Left Wing Right Wing Time % Phy DF OF
1 Auston Matthews Jason Zucker Brock Nelson 50 1 2 2
2 Mika Zibanejad Jared McCann Sean Couturier 50 1 2 2
PowerPlay Defense
Defense Defense Time % Phy DF OF
1 Kris Letang MacKenzie Weegar 50 1 2 2
2 Shayne Gostisbehere Jamie Drysdale 50 1 2 2
Penalty Kill 4 Players Forward
Center Wing Time % Phy DF OF
1 Auston Matthews Brock Nelson 50 1 2 2
2 Mika Zibanejad Sean Couturier 50 1 2 2
Penalty Kill 4 Players Defense
Defense Defense Time % Phy DF OF
1 Kris Letang MacKenzie Weegar 50 1 2 2
2 Shayne Gostisbehere Michael Del Zotto 50 1 2 2
Penalty Kill - 3 Players Forward
Forward Time % Phy DF OF
1 Mika Zibanejad 50 1 2 2
2 Sean Couturier 50 1 2 2
Penalty Kill - 3 Players Defense
Defense Defense Time % Phy DF OF
1 Kris Letang MacKenzie Weegar 50 1 2 2
2 Shayne Gostisbehere Jamie Drysdale 50 1 2 2
4 vs 4 Forward
Center Wing Time % Phy DF OF
1 Auston Matthews Jason Zucker 60 1 2 2
2 Mika Zibanejad Sean Couturier 40 1 2 2
4 vs 4 Defense
Defense Defense Time % Phy DF OF
1 Kris Letang MacKenzie Weegar 60 1 2 2
2 Shayne Gostisbehere Jamie Drysdale 40 1 2 2
Last Minutes Offensive
Center Left Wing Right Wing Defense Defense
Auston Matthews Jason Zucker Mika Zibanejad Kris Letang MacKenzie Weegar
Last Minutes Defensive
Center Left Wing Right Wing Defense Defense
Auston Matthews Sean Couturier Mika Zibanejad Kris Letang MacKenzie Weegar
Goaltenders
Starting : Semyon Varlamov
Backup : Sergei Bobrovsky
Extra Forwards
Normal : Sean Couturier, Daniel Sprong, Arthur Kaliyev - PP : Jason Spezza, Nick Ritchie - PK : Jason Spezza
Extra Defensemen
Normal : Michael Del Zotto, Keith Yandle, Shayne Gostisbehere - PP : Keith Yandle - PK : Michael Del Zotto, Keith Yandle
Penalty Shots
Mika Zibanejad, Jason Zucker, Auston Matthews, Sean Couturier, Kris Letang
% Time on Ice - Winnipeg Jets
Lines # - Real PCT - Wanted PCT - Time Play
Normal Forward
1 - 28% - 35% - 14:57
2 - 24% - 30% - 12:54
3 - 30% - 25% - 15:58
4 - 17% - 10% - 9:01
Normal Defense
1 - 34% - 35% - 17:58
2 - 33% - 35% - 17:40
3 - 33% - 30% - 17:12
4 - 0% - 0% - 0:00
PP Forward
1 - 60% - 50% - 2:22
2 - 40% - 50% - 1:36
PP Defense
1 - 50% - 50% - 2:00
2 - 50% - 50% - 1:58
PK Forward
1 - 53% - 50% - 1:03
2 - 47% - 50% - 0:56
PK Defense
1 - 63% - 50% - 1:15
2 - 37% - 50% - 0:44
PK3 Forward
1 - 0% - 50%
2 - 0% - 50%
PK3 Defense
1 - 0% - 50%
2 - 0% - 50%
44 Forward
1 - 0% - 50%
2 - 0% - 50%
44 Defense
1 - 0% - 50%
2 - 0% - 50%
Last Minute Offensive - 0:00
Last Minute Defensive - 1:13
Total
Forward - 60:00
Defense - 60:00
|
% Time on Ice - Detroit Red Wings
Lines # - Real PCT - Wanted PCT - Time Play
Normal Forward
1 - 28% - 40% - 14:57
2 - 30% - 30% - 15:51
3 - 22% - 20% - 11:36
4 - 20% - 10% - 10:27
Normal Defense
1 - 37% - 40% - 19:49
2 - 30% - 30% - 16:07
3 - 26% - 20% - 13:40
4 - 6% - 10% - 3:15
PP Forward
1 - 55% - 50% - 1:06
2 - 45% - 50% - 0:53
PP Defense
1 - 43% - 50% - 0:51
2 - 57% - 50% - 1:08
PK Forward
1 - 45% - 50% - 1:48
2 - 55% - 50% - 2:10
PK Defense
1 - 53% - 50% - 2:06
2 - 47% - 50% - 1:52
PK3 Forward
1 - 0% - 50%
2 - 0% - 50%
PK3 Defense
1 - 0% - 50%
2 - 0% - 50%
44 Forward
1 - 0% - 60%
2 - 0% - 40%
44 Defense
1 - 0% - 60%
2 - 0% - 40%
Last Minute Offensive - 1:12
Last Minute Defensive - 0:00
Total
Forward - 60:00
Defense - 60:00
|
Play-by-Play
1st period
0:01 of 1st period - Auston Matthews wins face-off versus Connor McDavid in neutral zone.
0:32 of 1st period - Snap shot by Mika Zibanejad.
0:32 of 1st period - Shot Misses the Net.
0:34 of 1st period - Backhand shot by Shayne Gostisbehere.
0:34 of 1st period - Shot Misses the Net.
0:48 of 1st period - Snap shot by Mathew Barzal.
0:48 of 1st period - Stopped by Semyon Varlamov with a rebound.
0:50 of 1st period - Slapshot by Kevin Shattenkirk.
0:50 of 1st period - Stopped by Semyon Varlamov without a rebound.
0:51 of 1st period - Matty Beniers wins face-off versus Jason Spezza in Detroit Red Wings zone.
1:01 of 1st period - Icing by Keith Yandle.
1:02 of 1st period - Jason Spezza wins face-off versus Barclay Goodrow in Detroit Red Wings zone.
1:35 of 1st period - Slapshot by Daniel Sprong.
1:35 of 1st period - Shot Misses the Net.
1:39 of 1st period - Slapshot by Jason Spezza.
1:39 of 1st period - Stopped by Chris Driedger with a rebound.
1:41 of 1st period - Snap shot by Jamie Drysdale.
1:41 of 1st period - Stopped by Chris Driedger without a rebound.
1:42 of 1st period - Auston Matthews wins face-off versus Connor McDavid in Winnipeg Jets zone.
1:47 of 1st period - Slapshot by Auston Matthews.
1:47 of 1st period - Goal by Auston Matthews - Winnipeg Jets : 0 - Detroit Red Wings : 1.
1:48 of 1st period - Connor McDavid wins face-off versus Auston Matthews in neutral zone.
1:59 of 1st period - Wrist shot by Connor McDavid.
1:59 of 1st period - Stopped by Semyon Varlamov with a rebound.
2:23 of 1st period - Wrist shot by Sean Couturier.
2:23 of 1st period - Stopped by Chris Driedger without a rebound.
2:24 of 1st period - Matty Beniers wins face-off versus Brock Nelson in Winnipeg Jets zone.
2:35 of 1st period - Snap shot by Lucas Raymond.
2:35 of 1st period - Stopped by Semyon Varlamov with a rebound.
2:37 of 1st period - Slapshot by Calen Addison.
2:37 of 1st period - Deflect By Lucas Raymond.
2:37 of 1st period - Stopped by Semyon Varlamov with a rebound.
3:19 of 1st period - Wrist shot by Nick Suzuki.
3:19 of 1st period - Stopped by Semyon Varlamov with a rebound.
4:17 of 1st period - Joe Pavelski is hit by Auston Matthews and loses puck.
4:34 of 1st period - Snap shot by Ryan Nugent-Hopkins.
4:34 of 1st period - Goal by Ryan Nugent-Hopkins - Winnipeg Jets : 1 - Detroit Red Wings : 1.
4:35 of 1st period - Auston Matthews wins face-off versus Matty Beniers in neutral zone.
4:38 of 1st period - Wrist shot by Auston Matthews.
4:38 of 1st period - Shot Misses the Net.
4:40 of 1st period - Wrist shot by Auston Matthews.
4:40 of 1st period - Deflect By Jason Zucker.
4:40 of 1st period - Shot Blocked by Kevin Shattenkirk.
4:40 of 1st period - Puck is out of play.
4:41 of 1st period - Auston Matthews wins face-off versus Matty Beniers in Winnipeg Jets zone.
4:46 of 1st period - Snap shot by Auston Matthews.
4:46 of 1st period - Stopped by Chris Driedger with a rebound.
4:50 of 1st period - Wrist shot by Arthur Kaliyev.
4:50 of 1st period - Deflect By Brandon Montour.
4:50 of 1st period - Shot Blocked by Brandon Montour.
4:50 of 1st period - Puck is out of play.
4:51 of 1st period - Mika Zibanejad wins face-off versus Matty Beniers in Winnipeg Jets zone.
5:14 of 1st period - Minor Penalty to Mark Borowiecki for Interference.
5:15 of 1st period - Auston Matthews wins face-off versus Barclay Goodrow in Winnipeg Jets zone.
5:18 of 1st period - Snap shot by Auston Matthews.
5:18 of 1st period - Stopped by Chris Driedger with a rebound.
5:28 of 1st period - Snap shot by Brock Nelson.
5:28 of 1st period - Stopped by Chris Driedger with a rebound.
5:30 of 1st period - Snap shot by Kris Letang.
5:30 of 1st period - Stopped by Chris Driedger without a rebound.
5:31 of 1st period - Nick Suzuki wins face-off versus Mika Zibanejad in Winnipeg Jets zone.
5:38 of 1st period - Snap shot by Mark Stone.
5:38 of 1st period - Shot Blocked by Shayne Gostisbehere.
5:58 of 1st period - Barclay Goodrow is hit by Jason Zucker and loses puck.
6:52 of 1st period - Icing by Mika Zibanejad.
6:53 of 1st period - Mika Zibanejad wins face-off versus Nick Suzuki in Detroit Red Wings zone.
7:14 of 1st period - Penalty to Mark Borowiecki is over, Mark Borowiecki is back on ice.
8:05 of 1st period - Wrist shot by Connor McDavid.
8:05 of 1st period - Shot Misses the Net.
9:40 of 1st period - Snap shot by Lucas Raymond.
9:40 of 1st period - Stopped by Semyon Varlamov without a rebound.
9:41 of 1st period - Mika Zibanejad wins face-off versus Tyler Toffoli in Detroit Red Wings zone.
9:41 of 1st period - Mika Zibanejad is hit by Mark Borowiecki.
10:07 of 1st period - Mark Borowiecki is hit by Auston Matthews and loses puck.
11:54 of 1st period - Snap shot by Connor McDavid.
11:54 of 1st period - Stopped by Semyon Varlamov without a rebound.
11:55 of 1st period - Brock Nelson wins face-off versus Connor McDavid in Detroit Red Wings zone.
12:18 of 1st period - Wrist shot by Ryan Nugent-Hopkins.
12:18 of 1st period - Shot Misses the Net.
12:20 of 1st period - Wrist shot by Joe Pavelski.
12:20 of 1st period - Stopped by Semyon Varlamov with a rebound.
12:26 of 1st period - Wrist shot by Ryan Nugent-Hopkins.
12:26 of 1st period - Shot Misses the Net.
12:28 of 1st period - Slapshot by Kevin Shattenkirk.
12:28 of 1st period - Deflect By Ryan Nugent-Hopkins.
12:28 of 1st period - Shot Misses the Net.
12:28 of 1st period - Puck is out of play.
12:29 of 1st period - Nick Suzuki wins face-off versus Auston Matthews in Detroit Red Wings zone.
12:30 of 1st period - Snap shot by Mark Stone.
12:30 of 1st period - Shot Blocked by Keith Yandle.
12:51 of 1st period - Tyler Toffoli is hit by MacKenzie Weegar and loses puck.
13:28 of 1st period - Dante Fabbro is hit by Michael McCarron and loses puck.
15:04 of 1st period - Snap shot by Jason Spezza.
15:04 of 1st period - Stopped by Chris Driedger without a rebound.
15:05 of 1st period - Barclay Goodrow wins face-off versus Brock Nelson in Winnipeg Jets zone.
15:14 of 1st period - Wrist shot by Brock Nelson.
15:14 of 1st period - Stopped by Chris Driedger with a rebound.
15:45 of 1st period - Slapshot by Brock Nelson.
15:45 of 1st period - Deflect By Nick Ritchie.
15:45 of 1st period - Shot Misses the Net.
15:45 of 1st period - Puck is out of play.
15:46 of 1st period - Joe Pavelski wins face-off versus Auston Matthews in Winnipeg Jets zone.
15:59 of 1st period - Snap shot by Auston Matthews.
15:59 of 1st period - Shot Blocked by Calen Addison.
16:01 of 1st period - Slapshot by MacKenzie Weegar.
16:01 of 1st period - Stopped by Chris Driedger without a rebound.
16:02 of 1st period - Tyler Toffoli wins face-off versus Mika Zibanejad in Winnipeg Jets zone.
16:19 of 1st period - Sean Couturier is hit by Nick Suzuki and loses puck.
16:36 of 1st period - Snap shot by Auston Matthews.
16:36 of 1st period - Stopped by Chris Driedger with a rebound.
16:38 of 1st period - Snap shot by Arthur Kaliyev.
16:38 of 1st period - Shot Blocked by Kevin Shattenkirk.
16:40 of 1st period - Wrist shot by Jason Zucker.
16:40 of 1st period - Shot Misses the Net.
16:42 of 1st period - Snap shot by Arthur Kaliyev.
16:42 of 1st period - Goal by Arthur Kaliyev - Winnipeg Jets : 1 - Detroit Red Wings : 2.
16:43 of 1st period - Auston Matthews wins face-off versus Nick Suzuki in neutral zone.
16:53 of 1st period - Slapshot by Nick Suzuki.
16:53 of 1st period - Stopped by Semyon Varlamov with a rebound.
17:09 of 1st period - Jamie Drysdale is hit by Joe Pavelski and loses puck.
17:40 of 1st period - Andrew Cogliano is hit by Nick Ritchie and loses puck.
17:58 of 1st period - Icing by Barclay Goodrow.
17:59 of 1st period - Auston Matthews wins face-off versus Matty Beniers in Winnipeg Jets zone.
18:08 of 1st period - Slapshot by Auston Matthews.
18:08 of 1st period - Stopped by Chris Driedger with a rebound.
18:30 of 1st period - Wrist shot by Daniel Sprong.
18:30 of 1st period - Shot Blocked by John Klingberg.
19:06 of 1st period - Wrist shot by Lucas Raymond.
19:06 of 1st period - Shot Misses the Net.
19:08 of 1st period - Wrist shot by Ryan Nugent-Hopkins.
19:08 of 1st period - Stopped by Semyon Varlamov with a rebound.
Goals for this period are 1 for Winnipeg Jets vs 2 for Detroit Red Wings.
Shots for this period are 12 for Winnipeg Jets vs 14 for Detroit Red Wings.
2nd period
0:01 of 2nd period - Connor McDavid wins face-off versus Auston Matthews in neutral zone.
1:26 of 2nd period - Slapshot by Brock Nelson.
1:26 of 2nd period - Deflect By Nick Ritchie.
1:26 of 2nd period - Shot Blocked by Eeli Tolvanen.
1:26 of 2nd period - Puck is out of play.
1:27 of 2nd period - Auston Matthews wins face-off versus Connor McDavid in Winnipeg Jets zone.
2:07 of 2nd period - Keith Yandle is hit by Nick Suzuki and loses puck.
2:22 of 2nd period - Snap shot by Lucas Raymond.
2:22 of 2nd period - Deflect By Mathew Barzal.
2:22 of 2nd period - Shot Misses the Net.
2:22 of 2nd period - Puck is out of play.
2:23 of 2nd period - Jason Spezza wins face-off versus Matty Beniers in Detroit Red Wings zone.
2:23 of 2nd period - Jason Spezza is hit by Brandon Montour.
3:35 of 2nd period - Slapshot by Daniel Sprong.
3:35 of 2nd period - Stopped by Chris Driedger with a rebound.
3:53 of 2nd period - Slapshot by Mathew Barzal.
3:53 of 2nd period - Shot Blocked by Daniel Sprong.
4:23 of 2nd period - Wrist shot by Mathew Barzal.
4:23 of 2nd period - Stopped by Semyon Varlamov with a rebound.
4:25 of 2nd period - Slapshot by John Klingberg.
4:25 of 2nd period - Shot Blocked by Jason Spezza.
4:27 of 2nd period - Snap shot by Mathew Barzal.
4:27 of 2nd period - Shot Misses the Net.
4:29 of 2nd period - Slapshot by Dante Fabbro.
4:29 of 2nd period - Stopped by Semyon Varlamov with a rebound.
4:45 of 2nd period - Wrist shot by Daniel Sprong.
4:45 of 2nd period - Stopped by Chris Driedger without a rebound.
4:46 of 2nd period - Auston Matthews wins face-off versus Connor McDavid in Winnipeg Jets zone.
4:47 of 2nd period - Wrist shot by Arthur Kaliyev.
4:47 of 2nd period - Shot Misses the Net.
4:49 of 2nd period - Snap shot by Auston Matthews.
4:49 of 2nd period - Stopped by Chris Driedger with a rebound.
5:13 of 2nd period - Jared McCann is hit by Brandon Montour and loses puck.
5:41 of 2nd period - Snap shot by Nick Ritchie.
5:41 of 2nd period - Stopped by Chris Driedger with a rebound.
5:43 of 2nd period - Snap shot by Tyler Ennis.
5:43 of 2nd period - Shot Blocked by Brandon Montour.
5:57 of 2nd period - Mark Borowiecki is hit by Auston Matthews and loses puck.
6:02 of 2nd period - Slapshot by Jason Zucker.
6:02 of 2nd period - Stopped by Chris Driedger without a rebound.
6:03 of 2nd period - Mika Zibanejad wins face-off versus Nick Suzuki in Winnipeg Jets zone.
6:52 of 2nd period - Snap shot by Barclay Goodrow.
6:52 of 2nd period - Shot Blocked by Auston Matthews.
6:59 of 2nd period - Snap shot by Arthur Kaliyev.
6:59 of 2nd period - Shot Misses the Net.
7:27 of 2nd period - Slapshot by Jason Zucker.
7:27 of 2nd period - Stopped by Chris Driedger without a rebound.
7:28 of 2nd period - Connor McDavid wins face-off versus Mika Zibanejad in Winnipeg Jets zone.
7:39 of 2nd period - Slapshot by Joe Pavelski.
7:39 of 2nd period - Deflect By Connor McDavid.
7:39 of 2nd period - Goal by Connor McDavid - Winnipeg Jets : 2 - Detroit Red Wings : 2.
7:40 of 2nd period - Connor McDavid wins face-off versus Mika Zibanejad in neutral zone.
7:53 of 2nd period - Jared McCann is hit by Connor McDavid and loses puck.
8:16 of 2nd period - Off-side.
8:17 of 2nd period - Auston Matthews wins face-off versus Connor McDavid in neutral zone.
8:51 of 2nd period - Tyler Toffoli is hit by Mika Zibanejad and loses puck.
9:04 of 2nd period - Slapshot by Kris Letang.
9:04 of 2nd period - Deflect By Mathew Barzal.
9:04 of 2nd period - Stopped by Chris Driedger without a rebound.
9:05 of 2nd period - Matty Beniers wins face-off versus Brock Nelson in Winnipeg Jets zone.
9:10 of 2nd period - MacKenzie Weegar is hit by Matty Beniers and loses puck.
9:23 of 2nd period - Slapshot by Brock Nelson.
9:23 of 2nd period - Deflect By Nick Ritchie.
9:23 of 2nd period - Stopped by Chris Driedger with a rebound.
9:25 of 2nd period - Slapshot by Kris Letang.
9:25 of 2nd period - Shot Misses the Net.
9:27 of 2nd period - Backhand shot by Nick Ritchie.
9:27 of 2nd period - Deflect By Brock Nelson.
9:27 of 2nd period - Stopped by Chris Driedger with a rebound.
9:29 of 2nd period - Slapshot by MacKenzie Weegar.
9:29 of 2nd period - Shot Misses the Net.
9:35 of 2nd period - Snap shot by Brock Nelson.
9:35 of 2nd period - Stopped by Chris Driedger with a rebound.
9:43 of 2nd period - Wrist shot by Brock Nelson.
9:43 of 2nd period - Deflect By Nick Ritchie.
9:43 of 2nd period - Stopped by Chris Driedger without a rebound.
9:44 of 2nd period - Connor McDavid wins face-off versus Auston Matthews in Winnipeg Jets zone.
10:01 of 2nd period - Shayne Gostisbehere is hit by Joe Pavelski and loses puck.
10:18 of 2nd period - Snap shot by Arthur Kaliyev.
10:18 of 2nd period - Shot Misses the Net.
10:20 of 2nd period - Slapshot by Jason Zucker.
10:20 of 2nd period - Deflect By Auston Matthews.
10:20 of 2nd period - Shot Misses the Net.
10:20 of 2nd period - Puck is out of play.
10:21 of 2nd period - Nick Suzuki wins face-off versus Mika Zibanejad in Winnipeg Jets zone.
10:28 of 2nd period - Snap shot by Nick Suzuki.
10:28 of 2nd period - Stopped by Semyon Varlamov without a rebound.
10:29 of 2nd period - Mark Stone wins face-off versus Mika Zibanejad in Detroit Red Wings zone.
10:35 of 2nd period - Minor Penalty to Jared McCann for Hooking.
10:36 of 2nd period - Connor McDavid wins face-off versus Auston Matthews in Detroit Red Wings zone.
11:06 of 2nd period - Snap shot by Sean Couturier.
11:06 of 2nd period - Shot Blocked by Ryan Nugent-Hopkins.
11:23 of 2nd period - Wrist shot by Brandon Montour.
11:23 of 2nd period - Deflect By Joe Pavelski.
11:23 of 2nd period - Stopped by Semyon Varlamov without a rebound.
11:24 of 2nd period - Nick Suzuki wins face-off versus Mika Zibanejad in Detroit Red Wings zone.
12:35 of 2nd period - Penalty to Jared McCann is over, Jared McCann is back on ice.
13:30 of 2nd period - Wrist shot by Mika Zibanejad.
13:30 of 2nd period - Stopped by Chris Driedger with a rebound.
13:42 of 2nd period - Sean Couturier is hit by Brandon Montour and loses puck.
14:05 of 2nd period - Michael McCarron is hit by Nick Suzuki and loses puck.
14:21 of 2nd period - Icing by Kevin Shattenkirk.
14:22 of 2nd period - Auston Matthews wins face-off versus Lucas Raymond in Winnipeg Jets zone.
16:02 of 2nd period - Icing by Kevin Shattenkirk.
16:03 of 2nd period - Matty Beniers wins face-off versus Mika Zibanejad in Winnipeg Jets zone.
16:36 of 2nd period - Matty Beniers is hit by Nick Ritchie and loses puck.
16:53 of 2nd period - Snap shot by Daniel Sprong.
16:53 of 2nd period - Shot Blocked by Connor McDavid.
16:55 of 2nd period - Slapshot by Jason Spezza.
16:55 of 2nd period - Deflect By Connor McDavid.
16:55 of 2nd period - Stopped by Chris Driedger with a rebound.
17:04 of 2nd period - Icing by Kevin Shattenkirk.
17:05 of 2nd period - Connor McDavid wins face-off versus Mika Zibanejad in Winnipeg Jets zone.
17:11 of 2nd period - Minor Penalty to Jared McCann for Hooking.
17:12 of 2nd period - Nick Suzuki wins face-off versus Mika Zibanejad in Detroit Red Wings zone.
17:38 of 2nd period - Shayne Gostisbehere is hit by Joe Pavelski.
19:11 of 2nd period - Penalty to Jared McCann is over, Jared McCann is back on ice.
19:23 of 2nd period - Snap shot by Daniel Sprong.
19:23 of 2nd period - Stopped by Chris Driedger with a rebound.
19:25 of 2nd period - Slapshot by Michael McCarron.
19:25 of 2nd period - Shot Misses the Net.
19:27 of 2nd period - Backhand shot by Keith Yandle.
19:27 of 2nd period - Deflect By Barclay Goodrow.
19:27 of 2nd period - Stopped by Chris Driedger with a rebound.
19:29 of 2nd period - Slapshot by Keith Yandle.
19:29 of 2nd period - Shot Blocked by Calen Addison.
19:53 of 2nd period - Icing by Tyler Toffoli.
19:54 of 2nd period - Brock Nelson wins face-off versus Nick Suzuki in Winnipeg Jets zone.
Goals for this period are 1 for Winnipeg Jets vs 0 for Detroit Red Wings.
Shots for this period are 5 for Winnipeg Jets vs 15 for Detroit Red Wings.
3rd period
0:01 of 3rd period - Connor McDavid wins face-off versus Auston Matthews in neutral zone.
0:27 of 3rd period - Jared McCann is hit by Mark Stone and loses puck.
0:28 of 3rd period - Jared McCann from Detroit Red Wings is injured at 0:28 of 3rd period (Sprained Right Finger).
0:29 of 3rd period - Connor McDavid wins face-off versus Jason Zucker in Detroit Red Wings zone.
0:30 of 3rd period - Snap shot by Joe Pavelski.
0:30 of 3rd period - Stopped by Semyon Varlamov without a rebound.
0:31 of 3rd period - Auston Matthews wins face-off versus Connor McDavid in Detroit Red Wings zone.
0:40 of 3rd period - Wrist shot by Auston Matthews.
0:40 of 3rd period - Stopped by Chris Driedger with a rebound.
0:42 of 3rd period - Wrist shot by Jason Zucker.
0:42 of 3rd period - Shot Misses the Net.
1:38 of 3rd period - Slapshot by Andrew Cogliano.
1:38 of 3rd period - Shot Misses the Net.
1:40 of 3rd period - Slapshot by Brandon Montour.
1:40 of 3rd period - Stopped by Semyon Varlamov with a rebound.
1:46 of 3rd period - Snap shot by Brandon Montour.
1:46 of 3rd period - Shot Blocked by Jason Zucker.
1:55 of 3rd period - Off-side.
1:56 of 3rd period - Mika Zibanejad wins face-off versus Ryan Nugent-Hopkins in neutral zone.
2:00 of 3rd period - Off-side.
2:01 of 3rd period - Connor McDavid wins face-off versus Daniel Sprong in neutral zone.
2:08 of 3rd period - Snap shot by Connor McDavid.
2:08 of 3rd period - Shot Blocked by Keith Yandle.
2:30 of 3rd period - Wrist shot by Matty Beniers.
2:30 of 3rd period - Shot Misses the Net.
2:32 of 3rd period - Slapshot by Dante Fabbro.
2:32 of 3rd period - Shot Misses the Net.
2:34 of 3rd period - Slapshot by Lucas Raymond.
2:34 of 3rd period - Shot Blocked by Keith Yandle.
3:07 of 3rd period - Icing by Tyler Toffoli.
3:08 of 3rd period - Brock Nelson wins face-off versus Barclay Goodrow in Winnipeg Jets zone.
3:09 of 3rd period - Snap shot by Tyler Ennis.
3:09 of 3rd period - Stopped by Chris Driedger with a rebound.
5:30 of 3rd period - Ryan Nugent-Hopkins is hit by Mika Zibanejad.
6:22 of 3rd period - Wrist shot by Connor McDavid.
6:22 of 3rd period - Shot Misses the Net.
7:51 of 3rd period - Wrist shot by Nick Ritchie.
7:51 of 3rd period - Shot Misses the Net.
8:29 of 3rd period - Wrist shot by Barclay Goodrow.
8:29 of 3rd period - Shot Blocked by Jamie Drysdale.
8:59 of 3rd period - Arthur Kaliyev is hit by Mark Borowiecki and loses puck.
9:18 of 3rd period - Connor McDavid is hit by Shayne Gostisbehere and loses puck.
10:02 of 3rd period - Mika Zibanejad is hit by Andrew Cogliano and loses puck.
10:07 of 3rd period - Snap shot by Andrew Cogliano.
10:07 of 3rd period - Shot Blocked by Sean Couturier.
10:31 of 3rd period - Daniel Sprong is hit by Brandon Montour and loses puck.
10:42 of 3rd period - Daniel Sprong is hit by Lucas Raymond.
10:58 of 3rd period - Dante Fabbro is hit by Michael McCarron and loses puck.
11:41 of 3rd period - Wrist shot by Lucas Raymond.
11:41 of 3rd period - Goal by Lucas Raymond - Winnipeg Jets : 3 - Detroit Red Wings : 2.
11:42 of 3rd period - Connor McDavid wins face-off versus Auston Matthews in neutral zone.
11:47 of 3rd period - Snap shot by Ryan Nugent-Hopkins.
11:47 of 3rd period - Stopped by Semyon Varlamov without a rebound.
11:48 of 3rd period - Connor McDavid wins face-off versus Jason Zucker in Detroit Red Wings zone.
11:59 of 3rd period - Slapshot by Ryan Nugent-Hopkins.
11:59 of 3rd period - Shot Blocked by Kris Letang.
12:01 of 3rd period - Slapshot by Mark Borowiecki.
12:01 of 3rd period - Shot Misses the Net.
12:03 of 3rd period - Slapshot by Mark Borowiecki.
12:03 of 3rd period - Shot Blocked by Jamie Drysdale.
12:05 of 3rd period - Snap shot by Mark Borowiecki.
12:05 of 3rd period - Stopped by Semyon Varlamov with a rebound.
12:29 of 3rd period - Slapshot by Calen Addison.
12:29 of 3rd period - Shot Misses the Net.
12:49 of 3rd period - Lucas Raymond is hit by Michael Del Zotto and loses puck.
13:44 of 3rd period - Snap shot by Calen Addison.
13:44 of 3rd period - Stopped by Semyon Varlamov with a rebound.
13:54 of 3rd period - Snap shot by Barclay Goodrow.
13:54 of 3rd period - Shot Blocked by Keith Yandle.
14:04 of 3rd period - Snap shot by Lucas Raymond.
14:04 of 3rd period - Stopped by Semyon Varlamov without a rebound.
14:05 of 3rd period - Auston Matthews wins face-off versus Matty Beniers in Detroit Red Wings zone.
14:11 of 3rd period - Off-side.
14:12 of 3rd period - Connor McDavid wins face-off versus Mika Zibanejad in neutral zone.
14:49 of 3rd period - Slapshot by Nick Suzuki.
14:49 of 3rd period - Shot Misses the Net.
15:19 of 3rd period - Shayne Gostisbehere is hit by Ryan Nugent-Hopkins and loses puck.
16:17 of 3rd period - Slapshot by Connor McDavid.
16:17 of 3rd period - Stopped by Semyon Varlamov with a rebound.
16:19 of 3rd period - Slapshot by Dante Fabbro.
16:19 of 3rd period - Shot Blocked by MacKenzie Weegar.
16:58 of 3rd period - Arthur Kaliyev is hit by Eeli Tolvanen and loses puck.
18:04 of 3rd period - Arthur Kaliyev is hit by Calen Addison and loses puck.
18:55 of 3rd period - Backhand shot by Brandon Montour.
18:55 of 3rd period - Shot Blocked by MacKenzie Weegar.
19:12 of 3rd period - Detroit Red Wings, Semyon Varlamov is pulled from the net.
19:12 of 3rd period - Slapshot by MacKenzie Weegar.
19:12 of 3rd period - Deflect By Mark Stone.
19:12 of 3rd period - Stopped by Chris Driedger with a rebound.
19:45 of 3rd period - Off-side.
19:46 of 3rd period - David Quinn call a timeout for Detroit Red Wings.
19:46 of 3rd period - Auston Matthews wins face-off versus Andrew Cogliano in neutral zone.
Goals for this period are 1 for Winnipeg Jets vs 0 for Detroit Red Wings.
Shots for this period are 8 for Winnipeg Jets vs 3 for Detroit Red Wings.
Back to the Top